 Dungeon Crawl Stone Soup version 0.18-a0-1577-gf591c28 (webtiles) character file.

29 Duffy the Chopper (level 3, -13/33 HPs)
             Began as a Deep Dwarf Berserker on Mar 21, 2016.
             Was a Follower of Trog.
             Mangled by an ogre
             ... wielding a +0 giant club
              (15 damage)
             ... on level 4 of the Dungeon.
             The game lasted 00:00:46 (318 turns).

Duffy the Chopper (Deep Dwarf Berserker)             Turns: 318, Time: 00:00:46

Health: -13/33     AC:  2    Str: 20    XL:     3   Next: 1%
Magic:  3/3        EV: 12    Int:  7    God:    Trog [*.....]
Gold:   35         SH:  0    Dex: 13    Spells: 0 memorised, 2 levels left

rFire  . . .     SeeInvis .     a - +0 hand axe
rCold  . . .     Gourm    .     b - +0 animal skin
rNeg   . . .     Faith    .     (no shield)
rPois  .         Spirit   .     (no helmet)
rElec  .         Dismiss  .     (no cloak)
rCorr  .         Reflect  .     (no gloves)
SustAt .         Harm     .     (no boots)
MR     .....                    i - amulet of inaccuracy (curse)
Stlth  +.........               (no ring)
                                (no ring)

@: non-regenerating, not resistant to hostile enchantments, very unstealthy
A: damage resistance, recharge devices, sense surroundings 1, slow regeneration
3
a: Device Recharging, Berserk, Burn Spellbooks, Renounce Religion


You were on level 4 of the Dungeon.
You worshipped Trog.
Trog was aware of your devotion.
You were not hungry.

You visited 1 branch of the dungeon, and saw 4 of its levels.

You collected 35 gold pieces.


Innate Abilities, Weirdness & Mutations

You are resistant to damage.
You can recharge devices by infusing magical energy.
You passively map a small area around you.
You do not regenerate naturally.


   Skills:
 - Level 2.6 Fighting
 + Level 4.6 Axes
 - Level 2.1 Armour
 - Level 2.1 Dodging


You had 2 spell levels left.
You didn't know any spells.

Inventory:

Hand Weapons
 a - a +0 hand axe (weapon)
Armour
 b - a +0 animal skin (worn)
Jewellery
 i - a cursed amulet of inaccuracy (around neck)
Wands
 c - a wand of heal wounds (5/9)
Scrolls
 g - a scroll of identify {unknown}
 h - a scroll of remove curse {unknown}
Potions
 e - a potion of curing {unknown}
 k - a potion of might {unknown}
Comestibles
 d - a bread ration
 f - a royal jelly
 j - a meat ration

Dungeon Overview and Level Annotations

Branches:
Dungeon (4/15)
 Temple: D:4-7

Altars:


Message History

There is an open door here.
There is a stone staircase leading down here.
You climb downwards.
There is a stone staircase leading up here.
You open the door.
There is an open door here.
Found a stone staircase leading down.
A giant newt comes into view.
A giant newt is nearby!
There is a stone staircase leading down here.
You climb downwards.
Found a golden potion.
There is a stone staircase leading up here.
You are no longer poisoned.
k - a golden potion A quokka skeleton comes into view.
A quokka skeleton is nearby!
You are too injured to fight recklessly!
An ogre comes into view. It is wielding a giant club.
The ogre shouts!
The quokka skeleton barely misses you.
You closely miss the quokka skeleton. The quokka skeleton barely misses you.
You hit the quokka skeleton. The quokka skeleton barely misses you.
You hit the quokka skeleton.
You destroy the quokka skeleton!
The ogre closely misses you.
Found 2 white potions.
You barely miss the ogre. The ogre closely misses you.
You hit the ogre.
The ogre is lightly wounded.
The ogre hits you with a giant club!
You closely miss the ogre.
The ogre is lightly wounded.
The ogre hits you with a giant club!
You die...

#..## **
#.## , ,
#.# , ,
#.# #.#
, , ##.#
,
,*##..#
, *#.O##
, , #@##
, ,,,
,#..# ,,
***
...##
!.... ,
.......
.......,
###...#
#...


You could see an ogre.

Action                   || total
-------------------------++-------
Melee: Hand axe          ||    74

Notes
Turn   | Place    | Note
--------------------------------------------------------------
     0 | D:1      | Duffy the Deep Dwarf Berserker began the quest for the Orb.
     0 | D:1      | Reached XP level 1. HP: 20/20 MP: 1/1
    62 | D:1      | Reached skill level 4 in Axes
    62 | D:1      | Reached XP level 2. HP: 24/27 MP: 2/2
   265 | D:2      | Reached XP level 3. HP: 11/33 MP: 3/3
   309 | D:4      | Noticed an ogre
   318 | D:4      | Mangled by an ogre

Vault maps used:
D:1:      mrwooster_arrival_statue, serial_bayou_pond_b, minmay_misc_feat_roman
D:2:      grunt_dithmenos_smoke, grunt_ministairs_6
D:3:      grunt_temple_overflow_forces_of_nature, old_standard_altar,
          nicolae_gozag_cash_rules_everything_around_me, lemuel_angel_altar
D:4:      first_bread, nemelex_xobeh_ov_fountains_minmay, uniq_pikel,
          uniq_sigmund

Vanquished Creatures
  An adder
  An ooze
  A dart slug
  A ball python
  2 giant cockroaches
  A hobgoblin
  3 kobolds
  2 bats
  A quokka skeleton
  2 rats
15 creatures vanquished.
